 Dungeon Crawl Stone Soup version 0.28-a0-1087-gf3fc490d9d (webtiles) character file.

Game seed: 18078902589100590960

6 ytrimaz the Insei (level 1, 11/11 HPs)
             Began as an Octopode Transmuter on Dec 10, 2021.
             Was a Follower of Hepliaklqana.
             Quit the game on level 1 of the Dungeon.
             The game lasted 00:00:11 (243 turns).

ytrimaz the Insei (Octopode Transmuter)              Turns: 243, Time: 00:00:12

Health: 11/11      AC:  1    Str:  9    XL:     1   Next: 90%
Magic:  3/3        EV: 13    Int: 15    God:    Hepliaklqana [*.....]
Gold:   11         SH:  0    Dex: 12    Spells: 3/4 levels left

rFire   . . .      SeeInvis .     - Unarmed
rCold   . . .      Faith    .   (no shield)
rNeg    . . .      Spirit   .   (helmet restricted)
rPois   .          Reflect  .   (no amulet)
rElec   .          Harm     .   (no ring)
rCorr   .          Rampage  .   (no ring)
Will    .....                   (no ring)
Stlth   ++........              (no ring)
HPRegen 0.03/turn               (no ring)
MPRegen 0.08/turn               (no ring)
                                (no ring)
                                (no ring)

@: no status effects
A: reduced essence, almost no armour, amphibious, 8 rings, camouflage 1,
gelatinous body 1, (nimble swimmer 1), tentacles
a: Renounce Religion, Recall Ancestor, Ancestor Identity


You were on level 1 of the Dungeon.
You worshipped Hepliaklqana.
Hepliaklqana was aware of your devotion.
You visited 1 branch of the dungeon, and saw 1 of its levels.

You collected 11 gold pieces.

You aren't carrying anything.


   Skills:
 * Level 1.1 Fighting
 - Level 2.0 Dodging
 + Level 3.1 Unarmed Combat
 * Level 2.1 Spellcasting
 * Level 2.1 Transmutations


You had 3 spell levels left.
You knew the following spells:

 Your Spells              Type           Power      Damage    Failure   Level
a - Beastly Appendage     Tmut           14%        N/A       10%         1

Your spell library contained the following spells:

 Spells                   Type           Power      Damage    Failure   Level
 Wereblood                Tmut           7%         N/A       14%         2
 Spider Form              Tmut/Pois      4%         N/A       38%         3
 Ice Form                 Ice/Tmut       4%         N/A       80%         4


Dungeon Overview and Level Annotations

Branches:
Dungeon (1/15)

Altars:
Hepliaklqana


Innate Abilities, Weirdness & Mutations

Your life essence is reduced to manifest your ancestor. (-10% HP)
You cannot wear most types of armour.
You are amphibious.
You can wear up to eight rings at the same time.
Your skin changes colour to match your surroundings (Stealth+).
Your rubbery body absorbs attacks. (AC +1, EV +1)
((You are camouflaged near water. (Stealth+)))
You have tentacles for arms and can constrict up to eight enemies at once.


Message History

You barely miss the kobold. You grab the kobold. You constrict the kobold.
The bat hits you but does no damage.
The kobold hits you with a +0 short sword.
Nolwazi barely misses the bat.
The bat misses you.
You tentacle-slap the kobold but do no damage.
The kobold is moderately wounded.
You constrict the kobold. The bat hits you. The bat completely misses you.
Nolwazi hits the bat.
The bat dies!
The kobold closely misses you.
You barely miss the kobold.
You squeeze the kobold, but do no damage.
The kobold is severely wounded.
You constrict the kobold.
You kill the kobold!
Unknown command.
No target in view!
No target in view!
Key pressed, stopping explore.
HP restored.
Things that are here:
a +0 short sword; a kobold corpse
Things that are here:
a +0 dagger; a goblin corpse
There is a hazy altar of Hepliaklqana here.
A dart slug comes into view.
You tentacle-slap the dart slug. You grab the dart slug.
You squeeze the dart slug!
You kill the dart slug!
You see here a dart slug corpse.
No target in view!
No target in view! 2 jackals and a goblin come into view.
Found 15 gold pieces.
The jackal barks!
You see here 6 gold pieces.
There are monsters nearby!
There are monsters nearby!
There are monsters nearby!
Are you sure you want to abandon this character and quit the game? (Confirm with "yes".)

.................#......
###...†....>..... #.....
...####.#.####### #####
#.#####+####.#.# ##..## #≈.≈
#.......†....#.###.§§.#####'#
...##.........#...#§§§§###....
#.........#.#.'§§§.#8#[...
####+####R#.#.'#§§.'.'..<.
#@#.#.'.§#.#8#..>.
#....#.###.§..###....
#.g.h..... #....#####'#
..........# ##..## #≈.≈
......#.#.# #### #####
$.h...#.#.# #..... ......#.#.#
#...≈≈≈ ..≈≈≈...# # #..≈.☼.
##..≈§.


You could see the friendly Nolwazi the ancestor, 2 jackals and a goblin
(wandering).

Vanquished Creatures
  A dart slug (D:1)
  A goblin (D:1)
  A bat (D:1)
  A kobold (D:1)
4 creatures vanquished.

Vanquished Creatures (collateral kills)
  A bat (D:1)
1 creature vanquished.

Grand Total: 5 creatures vanquished

Notes
Turn   | Place    | Note
-------+----------+-------------------------------------------
     0 | D:1      | ytrimaz the Octopode Transmuter began the quest for the
                  | Orb.
     0 | D:1      | Reached XP level 1. HP: 13/13 MP: 3/3
    32 | D:1      | Found a faded altar of an unknown god.
    44 | D:1      | Prayed at the altar of an unknown god.
    44 | D:1      | Became a worshipper of Hepliaklqana the Forgotten
    44 | D:1      | Reached * piety under Hepliaklqana
   243 | D:1      | Quit the game

Illustrated notes

Levels and vault maps discovered:
D:1:      shiori_arrival_elements, layout_basic, basic_ecumenical_altar,
          minmay_misc_feat_ornament, moated_statue

Action                   || total
-------------------------++-------
Melee: Unarmed           ||     9
       Constrict         ||     3
       Tentacles         ||     2
 Cast: Beastly Appendage ||     1
 Stab: Sleeping          ||     1
Armor: Skin              ||     1
Dodge: Dodged            ||     7

Table legend: (Time is in decaauts)
 A = Elapsed time spent in this place.
 B = Non-inter-level travel time spent in this place.
 C = Inter-level travel time spent in this place.
 D = Time resting spent in this place.
 E = Time spent auto-exploring this place.
 F = Levels seen in this place.
 G = Mean time per level.
                   A        B        C        D        E       F      G
               +--------+--------+--------+--------+--------+-----+--------+
         Total |    242 |    242 |      0 |      0 |    212 |   1 |  242.0 |
       Dungeon |    242 |    242 |      0 |      0 |    212 |   1 |  242.0 |
               +--------+--------+--------+--------+--------+-----+--------+

Top non-repeatable levels by time:
     D:1: 242 daAuts
